cohdb
Replays
Latest Replays
All Replays
Popular Replays
Top Player Replays
Match Explorer
How It Works
Community
CoH3 Stats
Reddit
Sign in to upload your games and track your stats! →
Sign in with Steam
Match 43363996
Unlisted
Match 43363996
Overview
Messages
Build Orders
End
Vickers Machine Gun Team
Royal Engineer Section
Vickers Machine Gun Team
Construct Section Command Post
Infantry Section
Infantry Section
Construct Platoon Command Post
Unlock M3 Stuart Light Tanks
M3 Stuart Light Tank
M3 Stuart Light Tank
Selects Air and Sea Battlegroup
Selects Commando Section Paradrop
Selects M1 Pack Howitzer Paradrop
M1 Pack Howitzer Paradrop
Construct Company Command Post
Commando Section Paradrop
Selects Anti-tank Rocket Loiter
Commando Section Paradrop
Crusader II Medium Tank
Anti-tank Rocket Loiter
Selects Naval Blockade
Selects UNKNOWN (223837)
OS^Raider
nikforjen
Jarkke
Setti-Veke
0
0
Comments
sign in to comment!
No comments posted yet!